 Dungeon Crawl Stone Soup version 0.19.3-4-gbf9329e (webtiles) character file.

991 Leibowitz the Cutter (level 7, -8/58 HPs)
             Began as a Demigod Fighter on Jan 27, 2017.
             Killed from afar by a steam dragon (18 damage)
             ... with a ball of steam
             ... on level 5 of the Dungeon.
             The game lasted 00:14:46 (5072 turns).

Leibowitz the Cutter (Demigod Fighter)              Turns: 5072, Time: 00:14:46

Health: -8/58      AC:  8    Str: 19    XL:     7   Next: 66%
Magic:  9/9        EV: 11    Int: 12    God:
Gold:   167        SH: 10    Dex: 19    Spells: 0 memorised, 6 levels left

rFire  . . .     SeeInvis .     a - +1 rapier
rCold  . . .     Gourm    .     v - +2 leather armour "Fiafiuh" {rElec rPois}
rNeg   . . .     Faith    .     c - +0 shield
rPois  +         Spirit   .     s - +0 helmet
rElec  +         Reflect  .     (no cloak)
rCorr  .         Harm     .     i - +0 pair of gloves
MR     .....                    (no boots)
Stlth  ++........               (no amulet)
                                (no ring)
                                e - +1 ring of protection

@: no status effects
A: high mp 1
a: no special abilities


You were on level 5 of the Dungeon.
You were not hungry.

You visited 1 branch of the dungeon, and saw 5 of its levels.

You collected 167 gold pieces.

Inventory:

Hand Weapons
 a - a +1 rapier (weapon)
Armour
 c - a +0 shield (worn)
 i - a +0 pair of gloves (worn)
 s - a +0 helmet (worn)
 v - the +2 leather armour "Fiafiuh" (worn) {rElec rPois}
   (You found it on level 4 of the Dungeon)

   It insulates you from electricity.
   It protects you from poison.
Jewellery
 e - a +1 ring of protection (left hand)
Wands
 m - a wand of iceblast (0/15)
Scrolls
 g - 5 scrolls of remove curse
 h - a scroll of magic mapping
 o - a scroll of noise
 r - 4 scrolls of identify
 t - a scroll of amnesia {unknown}
 y - a scroll of enchant weapon
 C - a scroll of teleportation {unknown}
Potions
 d - 2 potions of degeneration {unknown}
 k - a potion of agility {unknown}
 l - a potion of mutation {unknown}
 n - 2 potions of curing
 q - a potion of lignification {unknown}
 u - a potion of flight {unknown}
 x - a potion of cancellation {unknown}
 z - 2 potions of magic {unknown}
 A - a potion of brilliance {unknown}
 B - a potion of berserk rage {unknown}
Comestibles
 b - 3 beef jerkies
 f - 4 bread rations
 j - 2 meat rations


   Skills:
 * Level 3.9 Fighting
 * Level 5.0 Short Blades
 * Level 3.6 Armour
 * Level 3.0 Dodging
 * Level 2.6 Stealth
 * Level 4.5 Shields
 + Level 0.1 Evocations


You had 6 spell levels left.
You didn't know any spells.

Dungeon Overview and Level Annotations

Branches:
Dungeon (5/15)             Temple (0/1) D:4


Innate Abilities, Weirdness & Mutations

You have an increased reservoir of magic. (+10% MP)


Message History

You feel better.
The steam dragon bites you but does no damage.
You block the steam dragon's attack.
As you read the scroll labeled UVADOL HALOU, it crumbles to dust.
You feel aware of your surroundings.
It was a scroll of magic mapping.
You block the steam dragon's attack. x2
As you read the scroll labeled QOUMNO WISUALU, it crumbles to dust.
You hear a loud clanging noise!
It was a scroll of noise.
You block the steam dragon's attack. The steam dragon closely misses you.
As you read the scroll labeled ZUIWABL BEGG, it crumbles to dust.
It is a scroll of enchant weapon.
Your +0 rapier glows red for a moment.
The steam dragon bites you but does no damage.
You block the steam dragon's attack.
As you read the scroll labeled QYOW OPNOGUALL, it crumbles to dust.
The scroll dissolves into smoke.
It was a scroll of fog.
The steam dragon breathes steam at you. The ball of steam hits you!
You die...

,,,,,********,,,,,,,,,.,,* ****,*
#,****,,#.#*,* *,*
**####.*###,.#.#*,* *,*
*,.....,#..,...**,* *,*
*,......#.#..###*,* ***,*
*,......#.#....,,,* **,*,*
*,......§a§.#****** *,*,,*
*,,,,,,,#D#** ,***,###,,,,,,,#@#
..#.,..#,,,,,,,#§###
.#.#*#)#***,***#§§.#
.#.###.##**,* ###.# .#......,,,,*
#.# ###### .#..##.#***** #.#
#..... .#..##.###########.#
###.#### ...................#
#.......
......##.#####.###########...##..


You could see a steam dragon and a worker ant.

Vanquished Creatures
  A phantom (D:4)
  3 ogres (D:4)
  A scorpion (D:4)
  2 crimson imps (D:5)
  A bullfrog zombie (D:5)
  2 orc priests (D:3)
  3 orc wizards
  A centaur skeleton (D:5)
  An iguana (D:4)
  4 worker ants
  2 hound skeletons
  Robin (D:4)
  8 adders
  An adder skeleton (D:5)
  2 worms
  2 dart slugs (D:1)
  4 leopard geckos
  8 orcs (D:3)
  3 bats
  3 giant cockroaches
  15 goblins
  10 hobgoblins
  7 jackals
  5 kobolds
  2 quokkas
  3 ball pythons
  5 frilled lizards
  4 rats
104 creatures vanquished.

Vanquished Creatures (others)
  A worker ant (D:4)
  A fungus (D:1)
2 creatures vanquished.

Grand Total: 106 creatures vanquished

Notes
Turn   | Place    | Note
-------+----------+-------------------------------------------
     0 | D:1      | Leibowitz the Demigod Fighter began the quest for the Orb.
     0 | D:1      | Reached XP level 1. HP: 18/18 MP: 3/3
   268 | D:1      | Reached XP level 2. HP: 25/25 MP: 4/4
   346 | D:1      | Reached skill level 2 in Short Blades
  1335 | D:2      | Reached XP level 3. HP: 23/31 MP: 5/5
  1418 | D:2      | Reached skill level 1 in Stealth
  1894 | D:3      | Reached skill level 1 in Dodging
  1894 | D:3      | Reached XP level 4. HP: 29/38 MP: 6/6
  2953 | D:4      | Reached XP level 5. HP: 45/45 MP: 7/7
  2969 | D:4      | Noticed Robin
  2984 | D:4      | Reached skill level 3 in Short Blades
  3104 | D:4      | Killed Robin
  3249 | D:4      | Noticed an ogre
  3256 | D:4      | Killed an ogre
  3256 | D:4      | Reached XP level 6. HP: 38/51 MP: 8/8
  3262 | D:4      | Found an ancient bone altar of Kikubaaqudgha.
  3346 | D:4      | Got a dazzling leather armour
  3574 | D:4      | Reached skill level 4 in Short Blades
  3800 | D:4      | Reached XP level 7. HP: 5/57 MP: 9/9
  4526 | D:4      | Found a staircase to the Ecumenical Temple.
  4569 | D:5      | Entered Level 5 of the Dungeon
  4625 | D:5      | Identified the +2 leather armour "Fiafiuh" {rElec rPois} (You found it on level 4 of the Dungeon)
  4755 | D:5      | Reached skill level 5 in Short Blades
  5054 | D:5      | Noticed a steam dragon
  5066 | D:5      | HP: 2/58 [steam dragon] (5)]
  5072 | D:5      | Killed from afar by a steam dragon

Skill      XL: |  1  2  3  4  5  6  7 |
---------------+----------------------+-----
Short Blades   | 2 3 4 5 |  5.0
Armour         | 3 |  3.6
Fighting       | 3 |  3.9
Stealth        | 1 2 |  2.6
Shields        | 3 4 |  4.5
Dodging        | 1 2 3 |  3.0
Evocations     | |  0.1

Action                   |  1- 3 |  4- 6 |  7- 9 || total
-------------------------+-------+-------+-------++-------
Melee: Rapier            |   132 |   215 |   140 ||   487
Evoke: Wand              |       |     2 |       ||     2
  Use: Scroll            |     1 |       |     6 ||     7
       Potion            |     2 |     1 |     1 ||     4
 Stab: Sleeping          |     3 |     3 |     3 ||     9
       Distracted        |       |     1 |       ||     1
  Eat: Chunk             |     3 |     7 |     4 ||    14
Armor: Scale mail        |     7 |       |       ||     7
       Leather armour    |    37 |    30 |    50 ||   117
Dodge: Dodged            |    43 |    71 |    60 ||   174
Block: Shield            |    81 |   102 |    73 ||   256
